 Dungeon Crawl Stone Soup version 0.20.1-1-g8b1a95d (webtiles) character file.

188 vineage the Slasher (level 5, -3/41 HPs)
             Began as a Demonspawn Gladiator on Aug 28, 2017.
             Killed from afar by an orc wizard (4 damage)
             ... with a magic dart
             ... on level 3 of the Dungeon.
             The game lasted 00:03:16 (2066 turns).

vineage the Slasher (Demonspawn Gladiator)          Turns: 2066, Time: 00:03:16

Health: -3/41      AC:  4    Str: 15    XL:     5   Next: 39%
Magic:  0/5        EV: 13    Int:  9    God:
Gold:   164        SH:  0    Dex: 15    Spells: 4/4 levels left

rFire    . . .     SeeInvis .   a - +0 long sword
rCold    . . .     Gourm    .   (no shield)
rNeg     . . .     Faith    .   b - +0 leather armour
rPois    .         Spirit   +   c - +0 helmet
rElec    .         Reflect  .   o - scarf {Spirit}
rCorr    .         Harm     .   (no gloves)
MR       .....                  (no boots)
Stlth    +.........             (no amulet)
Regen    0.2/turn               (no ring)
MPRegen  0.1/turn               (no ring)

@: slowed, very slow
A: talons 1, magic shield
a: no special abilities


You were on level 3 of the Dungeon.
You were hungry.

You visited 1 branch of the dungeon, and saw 3 of its levels.

You collected 164 gold pieces.

Inventory:

Hand Weapons
 a - a +0 long sword (weapon)
Missiles
 d - 3 throwing nets (quivered)
Armour
 b - a +0 leather armour (worn)
 c - a +0 helmet (worn)
 k - a +0 cloak
 o - a scarf of spirit shield (worn)
Wands
 p - a wand of iceblast (8/15)
Scrolls
 e - 3 scrolls of identify {unknown}
 j - a scroll of recharging {unknown}
 l - a scroll of magic mapping {unknown}
 m - a scroll of teleportation {unknown}
 n - a scroll of random uselessness {unknown}
Potions
 g - a potion of curing
 i - 2 potions of brilliance
Comestibles
 f - 4 bread rations
 h - 3 royal jellies


   Skills:
 + Level 3.1 Fighting
 + Level 4.3 Long Blades
 + Level 2.0 Throwing
 + Level 1.1 Armour
 + Level 3.2 Dodging
 + Level 0.8 Stealth


You had 4 spell levels left.
You didn't know any spells.

Dungeon Overview and Level Annotations

Branches:
Dungeon (3/15)

Altars:
Gozag


Innate Abilities, Weirdness & Mutations

You have sharp toenails.
When hurt, damage is shared between your health and your magic reserves.


Message History

The orc wizard blinks!
The orc wizard mumbles some strange words.
The orc wizard blinks!
Things that are here:
a club; a leather armour You feel better.
Things that are here:
a hand axe x2
The orc wizard casts a spell at you. The magic dart hits you!
* * * LOW HITPOINT WARNING * * *
The orc wizard points at you and mumbles some strange words.
The magic dart hits you!
* * * LOW HITPOINT WARNING * * *
The orc wizard gestures at you while chanting.
The magic dart hits you!
* * * LOW HITPOINT WARNING * * *
The orc wizard casts a spell at you. The magic dart hits you!
You die...

##############################
....[........................
#......[####.....###########
#.......# #.###.# #.
#.......## #.# #.# #.
###........###.# #.#
#..........)o@.# #.#
#.#........##### #.#
#........# #.# #........# #.#
#........# #..........
#........... ####...#....


You could see an orc wizard.

Vanquished Creatures
  2 orc priests (D:3)
  Crazy Yiuf (D:2)
  An orc wizard (D:3)
  An adder (D:3)
  An ooze (D:2)
  A worm (D:2)
  A dart slug (D:1)
  A leopard gecko (D:2)
  6 orcs (D:3)
  2 giant cockroaches
  6 goblins
  5 hobgoblins
  A quokka (D:2)
  A ball python (D:1)
  3 bats (D:1)
  2 frilled lizards (D:1)
  7 kobolds
  11 rats
53 creatures vanquished.

Notes
Turn   | Place    | Note
-------+----------+-------------------------------------------
     0 | D:1      | vineage the Demonspawn Gladiator began the quest for the Orb.
     0 | D:1      | Reached XP level 1. HP: 16/16 MP: 1/1
   100 | D:1      | Gained mutation: You have sharp toenails. [demonic ancestry]
   100 | D:1      | Reached XP level 2. HP: 12/22 MP: 2/2
   320 | D:1      | Reached skill level 3 in Long Blades
   749 | D:1      | Reached XP level 3. HP: 24/27 MP: 3/3
   996 | D:2      | Found an opulent altar of Gozag.
  1508 | D:2      | Found a runed door.
  1517 | D:2      | Noticed Crazy Yiuf
  1521 | D:2      | Killed Crazy Yiuf
  1521 | D:2      | Gained mutation: When hurt, damage is shared between your health and your magic reserves. [demonic ancestry]
  1521 | D:2      | Reached XP level 4. HP: 34/34 MP: 4/4
  1686 | D:3      | Reached skill level 1 in Armour
  1757 | D:3      | Reached skill level 4 in Long Blades
  2039 | D:3      | Reached XP level 5. HP: 16/41 MP: 2/5
  2066 | D:3      | HP: 1/41 [orc wizard/magic dart (2)]
  2066 | D:3      | Killed from afar by an orc wizard

Skill      XL: |  1  2  3  4 |
---------------+-------------+-----
Dodging        | 3 |  3.2
Throwing       | 2 |  2.0
Long Blades    | 3 4 |  4.3
Armour         | 1 |  1.1
Fighting       | 3 |  3.1
Stealth        | |  0.8

Action                   |  1- 3 |  4- 6 || total
-------------------------+-------+-------++-------
Melee: Long sword        |    73 |    48 ||   121
       Kick              |    13 |    16 ||    29
  Use: Potion            |     3 |     1 ||     4
 Stab: Sleeping          |     1 |     1 ||     2
  Eat: Chunk             |     1 |     2 ||     3
Armor: Leather armour    |    13 |     9 ||    22
Dodge: Dodged            |    48 |    28 ||    76
       Rpst.: Long sword |    18 |     8 ||    26
